 Dungeon Crawl Stone Soup version 0.31.0-9-g3a7656b989 (webtiles) character file.

Game seed: 7020617825351289772

45 Peloso the Shield-Bearer (level 3, 0/33 HPs)
             Began as a Minotaur Fighter on Feb 5, 2024.
             Slain by a goblin
             ... wielding a +0 dagger
             ... led by Robin
              (2 damage)
             ... on level 2 of the Dungeon.
             The game lasted 00:01:48 (1057 turns).

Peloso the Shield-Bearer (Minotaur Fighter)         Turns: 1057, Time: 00:01:49

Health: 0/33       AC:  7    Str: 20    XL:     3   Next: 42%
Magic:  2/2        EV:  9    Int:  5    God:
Gold:   27         SH:  4    Dex: 11    Spells: 2/2 levels left

rFire   . . .        a - +0 long sword
rCold   . . .        c - +0 buckler
rNeg    . . .        b - +0 scale mail
rPois   .            (helmet restricted)
rElec   .            (no cloak)
rCorr   .            (no gloves)
SInv    .            (no boots)
Will    .....        (no amulet) Stlth
                     (no ring)
HPRegen 0.25/turn    (no ring)
MPRegen 0.08/turn

%: no passive effects
@: no status effects
A: horns 2, retaliatory headbutt
a: no special abilities


You were on level 2 of the Dungeon.
You visited 1 branch of the dungeon, and saw 2 of its levels.

You collected 27 gold pieces.

Inventory:

Hand Weapons
 a - a +0 long sword (weapon)
Armour
 b - a +0 scale mail (worn)
 c - a +0 buckler (worn)
Scrolls
 e - a scroll of noise {unknown}
 g - a scroll of acquirement {unknown}
 i - a scroll of vulnerability {unknown}
Potions
 d - 2 potions of might
 f - 2 potions of curing
 j - 2 potions of heal wounds


   Skills:
 + Level 4.1 Fighting
 + Level 3.0 Long Blades
 + Level 4.1 Armour
 + Level 0.4 Dodging
 + Level 4.2 Shields


You had 2 spell levels left.
You didn't know any spells.
Your spell library was empty.

Dungeon Overview and Level Annotations

Branches:
Dungeon (2/15)

Altars:

Annotations:
D:2 Robin


Innate Abilities, Weirdness & Mutations

You have a pair of horns on your head.
You reflexively headbutt those who attack you in melee.


Message History

You hit the hobgoblin.
The hobgoblin is almost dead.
A goblin comes into view. It is wielding a +0 dagger.
The goblin hits you but does no damage.
A hobgoblin comes into view.
Robin roars a battlecry!
The goblin goes into a battle-frenzy!
The hobgoblin closely misses you.
You closely miss the hobgoblin.
The hobgoblin is almost dead.
The goblin hits you with a +0 dagger of flaming.
The goblin burns you. Robin hits you but does no damage.
The hobgoblin hits you but does no damage.
Unknown command.
You hit the hobgoblin but do no damage. You headbutt the hobgoblin.
You kill the hobgoblin!
The goblin hits you with a +0 dagger of flaming.
The goblin burns you. Robin hits you but does no damage.
The goblin hits you with a +0 dagger of flaming.
The goblin burns you. You block the goblin's attack.
Unknown command.
You closely miss the goblin. The goblin barely misses you.
You furiously retaliate!
You headbutt the goblin!
You kill the goblin!
Robin throws the goblin at you! The goblin hits you but does no damage.
Unknown command.
You hit the goblin.
The goblin is moderately wounded.
The goblin hits you but does no damage.
Robin hits you from afar with a +0 trident.
* * * LOW HITPOINT WARNING * * *
The goblin hits you but does no damage.
Unknown command.
You barely miss the goblin.
The goblin is moderately wounded.
The goblin hits you with a +0 dagger.
* * * LOW HITPOINT WARNING * * *
Robin barely misses you. You block the goblin's attack.
The goblin hits you with a +0 dagger.
You die...

.. .# ..
#.# ..# #.#
..###.# ..
...#.#
....##...#
gg.....†.#
#gg#######
#.gg@g...#
#.g#####.#
#.>....#.#
#.#......#
#.##...####
#.#<......#
#.#..#..#.#
#.#).#..#.#
#..#(##.#


You could see Robin, 2 hobgoblins and 3 goblins.

Vanquished Creatures
  A gnoll (D:1)
  3 dart slugs (D:1)
  4 ball pythons (D:1)
  3 endoplasms (D:1)
  7 goblins
  4 hobgoblins
  A bat (D:1)
  A kobold (D:1)
  3 rats
27 creatures vanquished.

Notes
Turn   | Place    | Note
-------+----------+-------------------------------------------
     0 | D:1      | Peloso the Minotaur Fighter began the quest for the Orb.
     0 | D:1      | Reached XP level 1. HP: 19/19 MP: 0/0
   311 | D:1      | Reached XP level 2. HP: 25/27 MP: 1/1
   757 | D:1      | Reached XP level 3. HP: 9/33 MP: 2/2
  1039 | D:2      | Noticed Robin
  1057 | D:2      | Slain by a goblin

Illustrated notes

Levels and vault maps discovered:
D:1:      minmay_arrival_widening_spiral_narrow, layout_basic, hex_tiny,
          hangedman_glass_teeth
D:2:      kennysheep_big_flooded_room, layout_basic,
          dreamdust_ecumenical_altar_angels_and_demons, uniq_robin

Skill      XL: |  1  2  3 |
---------------+----------+-----
Shields        | 4 |  4.2
Fighting       | 4 |  4.1
Long Blades    | 3 |  3.0
Armour         | 4 |  4.1
Dodging        | |  0.4

Action                     || total
---------------------------++-------
  Melee: Long sword        ||    55
         Headbutt          ||    13
    Use: Potion            ||     5
         Scroll            ||     1
 Armour: Scale mail        ||    67
  Dodge: Dodged            ||    22
  Block: Buckler           ||    14
